 Dungeon Crawl Stone Soup version 0.18.1-1-g2f07953 (webtiles) character file.

273 Gorfmaster the Chopper (level 6, 0/47 HPs)
             Began as a Demonspawn Berserker on Sept 30, 2016.
             Was a Believer of Trog.
             Slain by Menkaure (7 damage)
             ... on level 4 of the Dungeon.
             The game lasted 00:12:07 (2674 turns).

Gorfmaster the Chopper (Demonspawn Berserker)       Turns: 2674, Time: 00:12:09

Health: 0/47       AC: 14    Str: 19    XL:     6   Next: 2%
Magic:  6/6        EV:  6    Int:  8    God:    Trog [**....]
Gold:   177        SH:  0    Dex: 17    Spells: 0 memorised, 5 levels left

rFire  . . .     SeeInvis .     a - +0 hand axe
rCold  . . .     Gourm    .     n - +0 plate armour (curse)
rNeg   . . .     Faith    .     (no shield)
rPois  .         Spirit   .     o - +2 helmet
rElec  .         Dismiss  .     (no cloak)
rCorr  .         Reflect  .     b - +0 pair of gloves
SustAt .         Harm     .     (no boots)
MR     .....                    (no amulet)
Stlth  ..........               (no ring)
                                (no ring)

@: exhausted, not resistant to hostile enchantments, extremely unstealthy
A: thin skeletal structure 2
a: Berserk, Trog's Hand, Burn Spellbooks, Renounce Religion


You were on level 4 of the Dungeon.
You worshipped Trog.
Trog was pleased with you.
You were very hungry.

You visited 1 branch of the dungeon, and saw 4 of its levels.

You collected 177 gold pieces.

Inventory:

Hand Weapons
 a - a +0 hand axe (weapon)
Armour
 b - a +0 pair of gloves (worn)
 n - a cursed +0 plate armour (worn)
 o - a +2 helmet (worn)
Wands
 i - a wand of teleportation (3/9)
 m - a wand of teleportation (1/9)
Scrolls
 d - 4 scrolls of remove curse
Potions
 e - a potion of mutation {unknown}
 f - a potion of berserk rage {unknown}
 g - a potion of brilliance
 h - a potion of ambrosia {unknown}
 j - a potion of curing
Comestibles
 c - 3 bread rations
 k - a slice of pizza
 l - 9 chunks of flesh


   Skills:
 - Level 3.0 Fighting
 + Level 6.2 Axes
 - Level 1.7 Armour
 - Level 1.7 Dodging


You had 5 spell levels left.
You didn't know any spells.

Dungeon Overview and Level Annotations

Branches:
Dungeon (4/15)
 Temple: D:4-7

Altars:

Annotations:
D:4 Menkaure


Innate Abilities, Weirdness & Mutations

You have a moderately thin skeletal structure (Dex +4, Stealth+).


Message History

Menkaure is lightly damaged.
Menkaure hits you.
Menkaure's bandages flutter.
Menkaure calls on the powers of darkness!
Your body is wracked with pain!
You feel better. Menkaure hits you but does no damage. Menkaure hits you.
Your plate armour prevents you from hitting Menkaure.
Menkaure is lightly damaged.
Menkaure barely misses you.
You hit Menkaure.
Menkaure is lightly damaged.
Menkaure barely misses you. Menkaure hits you!
* * * LOW HITPOINT WARNING * * *
You feel better.
You feel yourself speed up.
Menkaure calls on the powers of darkness!
Your body is wracked with pain!
* * * LOW HITPOINT WARNING * * *
Menkaure hits you!
You die...

#.# #.. ... #. #.# #..
#M# .##.# #.# #.#.
###.##...#
#.###.#.####.....%.##
>..##.#......#.##...## .
....#.###.........(..#.#
)......................#
....#.#......#)##......#
...##.#.#.#^..)M@.......
#####.........)))......#
###.#.#..#.........#
#......#####.#.###
##.###.# .# # #.# #.# .#
#.# #.. . #. ...# # ###.


You could see Menkaure.

Vanquished Creatures
  Eustachio (D:4)
  A worker ant (D:4)
  Robin (D:4)
  2 adders (D:2)
  An ooze (D:2)
  4 worms
  4 dart slugs
  A giant gecko (D:1)
  An orc (D:3)
  3 ball pythons
  6 bats
  4 giant cockroaches
  3 hobgoblins
  2 quokkas (D:3)
  8 giant newts
  15 goblins
  2 kobolds
  7 rats
66 creatures vanquished.

Notes
Turn   | Place    | Note
--------------------------------------------------------------
     0 | D:1      | Gorfmaster the Demonspawn Berserker began the quest for the Orb.
     0 | D:1      | Reached XP level 1. HP: 18/18 MP: 1/1
    29 | D:1      | Reached skill level 3 in Axes
   123 | D:1      | Gained mutation: You have a somewhat thin skeletal structure (Dex +2, Stealth). [demonic ancestry]
   123 | D:1      | Reached XP level 2. HP: 14/24 MP: 2/2
   810 | D:2      | Reached XP level 3. HP: 24/29 MP: 3/3
   921 | D:2      | Reached skill level 4 in Axes
   944 | D:2      | Reached ** piety under Trog
  1514 | D:2      | Reached XP level 4. HP: 23/35 MP: 4/4
  2251 | D:4      | Reached skill level 5 in Axes
  2545 | D:4      | Noticed Eustachio
  2564 | D:4      | Killed Eustachio
  2564 | D:4      | Reached skill level 6 in Axes
  2564 | D:4      | Gained mutation: You have a moderately thin skeletal structure (Dex +4, Stealth+). [demonic ancestry]
  2564 | D:4      | Reached XP level 5. HP: 41/41 MP: 5/5
  2634 | D:4      | Noticed Robin
  2647 | D:4      | Killed Robin
  2647 | D:4      | Reached XP level 6. HP: 47/47 MP: 6/6
  2662 | D:4      | Noticed Menkaure
  2674 | D:4      | Slain by Menkaure

Skill      XL: |  1  2  3  4 |
---------------+-------------+-----
Axes           | 3 4 6 |  6.2
Fighting       | |  3.0
Armour         | |  1.7
Dodging        | |  1.7

Action                   |  1- 3 |  4- 6 || total
-------------------------+-------+-------++-------
Melee: Hand axe          |   145 |    90 ||   235
Invok: Trog's Hand       |     1 |     2 ||     3
       Berserk           |       |     2 ||     2
  Use: Scroll            |     3 |     2 ||     5
       Potion            |       |     2 ||     2
 Stab: Sleeping          |     2 |       ||     2
  Eat: Chunk             |     2 |     5 ||     7
Armor: Animal skin       |     6 |       ||     6
       Leather armour    |    14 |       ||    14
       Scale mail        |    21 |    19 ||    40
       Plate armour      |       |    45 ||    45
Dodge: Dodged            |    84 |    37 ||   121
